Unix NetHack Version 3.7.0-102 Work-in-progress - last build Apr 6 2024 13:22:21 (d302a6a9ff6341f1a922d8f5af178406b35fdf99,branch:master). Game began 2024-04-13 09:21:21, ended 2024-04-13 09:34:14. Raisse, lawful female dwarven Archeologist ------ --..).| ---- -##########.....-- --..-- ..- |-.....| |<..... .. ---......-- --...... -----.......).---#---- |-..... |............**.......- |..-- . |.....|.........--#.-..- --.-- ---.-----......%..fah... |..| --- #.....---...a...--#.-- --..--- --..........| ---- --.........| --........- |......... ---......... ........*.- |...G....-- ---.------ --- Raisse the Field Worker St:12 Dx:9 Co:15 In:16 Wi:16 Ch:8 Lawful Dlvl:8 $:15 HP:0(33) Pw:19(19) AC:5 Xp:4/81 T:2189 Latest messages: Poes misses the killer bee. You miss the killer bee. The killer bee stings! Poes misses the killer bee. The killer bee stings! You miss the killer bee. The killer bee stings! Poes misses the killer bee. The killer bee stings! The killer bee's sting was poisoned! You kill the killer bee! You hear some noises in the distance. You kill the jackal! Welcome to experience level 4. You kill the jackal! You see here a jackal corpse. Poes is hit by a rock! Poes picks up a rock. Poes misses the killer bee. You hear some noises in the distance. You hit the killer bee! The killer bee misses! You miss the killer bee. The killer bee misses! The killer bee stings! You miss the killer bee. The killer bee stings! The killer bee misses! You miss the killer bee. The killer bee stings! The killer bee stings! You miss the killer bee. The killer bee stings! The killer bee misses! You miss the killer bee. The killer bee stings! The killer bee stings! You miss the killer bee. The killer bee misses! The killer bee stings! You miss the killer bee. The killer bee stings! The killer bee just misses! The killer bee stings! You die... Do you want your possessions identified? [ynq] (y) y Do you want to see your attributes? [ynq] (y) y Do you want an account of creatures vanquished? [ynaq] (y) y Do you want to see your conduct and achievements? [ynq] (y) y Do you want to see the dungeon overview? [ynq] (y) q Inventory: Coins $ - 15 gold pieces Weapons a - an uncursed +2 bullwhip j - 3 uncursed +0 orcish daggers v - 9 uncursed +0 darts X - an uncursed +1 dagger Armor A - an uncursed +0 leather jacket (being worn) B - an uncursed +0 pair of low boots (being worn) C - an uncursed +0 dwarvish cloak (being worn) G - an uncursed +0 pair of leather gloves (being worn) H - an uncursed +0 helmet (being worn) S - a blessed +0 small shield (being worn) Comestibles e - 6 uncursed food rations E - an uncursed cream pie Scrolls T - an uncursed scroll of blank paper Potions U - an uncursed potion of sickness Tools b - an uncursed blindfold d - an uncursed +0 pick-axe (weapon in right hand) l - an uncursed tinning kit (0:49) q - an uncursed lock pick x - an uncursed sack containing 5 items F - an uncursed magic lamp (lit) Gems/Stones t - an uncursed touchstone Z - an uncursed garnet stone Contents of the sack: 29 gold pieces a blessed scroll of enchant armor an uncursed scroll of enchant armor an uncursed scroll of taming an uncursed potion of water Raisse the Archeologist's attributes: Background: You were a Field Worker, a level 4 female dwarven Archeologist. You were lawful, on a mission for Quetzalcoatl who was opposed by Camaxtli (neutral) and Huhetotl (chaotic). You were right-handed. You were in the Gnomish Mines, on level 8. You entered the dungeon 2189 turns ago. You had 81 experience points, 79 more were needed to attain level 5. Basics: You had 0 out of 33 hit points. You had all 19 energy points (spell power). Your armor class was 5. Your wallet contained 15 zorkmids, and you had 29 more stashed away in your pack. Autopickup was on for '$!?/"=+' plus thrown, with exceptions. Final Characteristics: Your strength was 12 (limit:18/100). Your dexterity was 9 (limit:20). Your constitution was 15 (limit:20). Your intelligence was 16 (limit:16). Your wisdom was 16 (limit:16). Your charisma was 8 (limit:16). Final Status: You weren't hungry. You were unencumbered. You were wielding a pick-axe. You had basic skill with pick-axe. Final Attributes: You were piously aligned. Your items were somewhat protected from fire. Your items were somewhat protected from cold. You had automatic searching. You had infravision. You were warded. You are dead. Miscellaneous: You never encountered a bones level. Total elapsed playing time was 12 minutes and 53 seconds. Major events: Turn 1: Raisse the lawful female dwarven Archeologist entered the dungeon 746: entered the Gnomish Mines 1022: reached Mine Town 1466: attained the rank of Field Worker (level 3) 2189: killed by a killer bee Vanquished creatures: a watchman a gnome ruler an imp 3 gnome leaders a gnomish wizard a straw golem a paper golem a little dog a dwarf 2 rothes a rabid rat a giant bat a wererat an iguana 2 killer bees a coyote a giant rat 16 gnomes 9 jackals 2 foxes 5 goblins 5 grid bugs 2 kobold zombies 3 newts 63 creatures vanquished. No species were genocided or became extinct. Voluntary challenges: You were illiterate. You never engraved Elbereth. You never genocided any monsters. You never polymorphed an object. You never changed form. You used no wishes. Achievements: You entered the Gnomish Mines. You entered Minetown. You entered a shop. You entered a temple. You attained the rank of Field Worker. The Dungeons of Doom: levels 1 to 3 Level 1: A fountain. Level 2: A fountain. Stairs down to The Gnomish Mines. Level 3: The Gnomish Mines: levels 3 to 8 Level 3: Level 4: Level 5: A temple and an altar, some fountains. Level 6: Level 7: Level 8: <- You were here. Final resting place for you, killed by a killer bee. Game over: ---------- / \ / REST \ / IN \ / PEACE \ / \ | Raisse | | 44 Au | | killed by a | | killer bee | | | | | | 2024 | *| * * * | * _________)/\\_//(\/(/\)/\//\/|_)_______ Goodbye Raisse the Archeologist... You died in The Gnomish Mines on dungeon level 8 with 714 points, and 44 pieces of gold, after 2189 moves. You were level 4 with a maximum of 33 hit points when you died.